Cogmind - Beta 13 *** ADVENTURER MODE // 2024.07.01 @ 13:00:49 Player: anastasia Result: Destroyed by Autobeam Turret with Autobeam Performance ------------- Evolutions (0) 0 Regions Visited (2) 400 Robots Destroyed (26) 130 Value Destroyed (816) 816 Prototype IDs (4) 80 Alien Tech Used (0) 0 Bonus (0) 0 TOTAL SCORE: 1426 Bonus ------- None Cogmind --------- Core Integrity 0/250 Matter 20/300 Energy 100/100 System Corruption 0% Temperature Cool (18) Movement Treading (240) Ox1 Location -10/Subcaves Parts ------- > --- POWER (1) -------- (None) > --- PROPULSION (2) --- Light Treads > --- UTILITY (2) ------ Large Storage Unit > --- WEAPON (2) ------- Grenade Launcher Mining Claw > --- INVENTORY (15) --- Ion Engine Light Ion Engine Light Ion Engine ECM Suite Medium Laser Medium Laser Beam Cannon Subdweller Beam Cannon Light Assault Rifle Barrage Gun Grenade Launcher Subdweller Shrapnel Launcher Peak State ------------ > --- POWER ------------ Light Ion Engine > --- PROPULSION ------- Light Treads Light Treads > --- UTILITY ---------- Heat Sink Large Storage Unit > --- WEAPON ----------- Barrage Gun Subdweller Shrapnel Launcher > --- INVENTORY -------- Ion Engine Light Ion Engine Light Ion Engine Light Ion Engine Light Treads ECM Suite Medium Laser Medium Laser Beam Cannon Light Assault Rifle Grenade Launcher Grenade Launcher Mining Claw [Rating: 11] Favorites ----------- Power Light Ion Engine Engine Light Ion Engine Propulsion Light Treads Treads Light Treads Utility Large Storage Unit Device Heat Sink Storage Large Storage Unit Weapon Light Assault Rifle Energy Gun Medium Laser Energy Cannon Beam Cannon Ballistic Gun Light Assault Rifle Launcher Subdweller Shrapnel Launcher Slashing Weapon Mining Claw Build | -11 -10 -10 ------- Run | Yrd Mat Sub Slots Evolved . | . . . Power . | . . . Propulsion . | . . . Utility . | . . . Weapon . | . . . Parts Attached 29 | 5 6 18 Power 3 | 1 1 1 Engine 3 | 1 1 1 Core . | . . . Reactor . | . . . Propulsion 3 | 2 . 1 Treads 3 | 2 . 1 Leg . | . . . Wheel . | . . . Hover . | . . . Flight . | . . . Utility 3 | 1 2 . Device 1 | . 1 . Storage 2 | 1 1 . Processor . | . . . Hackware . | . . . Protection . | . . . Artifact . | . . . Weapon 20 | 1 3 16 Energy Gun 2 | . 1 1 Energy Cannon 2 | . 1 1 Ballistic Gun 7 | 1 . 6 Ballistic Cannon . | . . . Launcher 6 | . . 6 Special Weapon . | . . . Impact Weapon . | . . . Slashing Weapon 3 | . 1 2 Piercing Weapon . | . . . Special Melee Weapon . | . . . Unidentified Prototypes . | . . . Parts Lost 6 | . 1 5 Power 3 | . 1 2 Propulsion 2 | . . 2 Utility 1 | . . 1 Weapon . | . . . Highest Loss Streak 2 | . 1 2 To Critical Strikes . | . . . Average Slot Usage (%) 88 | . 90 87 Engine 12 | . 10 13 Treads 25 | . 28 24 Device 6 | . 8 6 Storage 14 | . 14 14 Energy Gun 6 | . 14 2 Energy Cannon 2 | . . 3 Ballistic Gun 11 | . 12 11 Launcher 4 | . . 6 Slashing Weapon 3 | . 1 4 Naked Turns . | . . . Heaviest Build 35 | 9 29 35 Greatest Support 40 | 40 40 40 Greatest Overweight (x) 1 | . . 1 Average Overweight (x) . | . . . Largest Inventory Capacity 15 | 8 15 15 Average Capacity 14 | 7 13 15 Most Carried 13 | 5 12 13 Average Carried 9 | 2 6 11 Final Capacity 15 | 8 15 15 Final Carried 12 | 3 11 12 Class Distribution -------------------- 100% | Mutant Dominant Class ---------------- Mutant | -10/Materials Mutant | -10/Subcaves Resources | -11 -10 -10 ----------- Run | Yrd Mat Sub Matter Collected 654 | 241 89 324 Remotely . | . . . Salvage Created 866 | . 527 339 Parts 64 | . 42 22 Haulers Intercepted 1 | . 1 . Recyclers Shooed . | . . . Parts Field Recycled . | . . . Retrieved Matter . | . . . Parts Self-Destructed 16 | . . 16 Prevented . | . . . Kills | -11 -10 -10 ------- Run | Yrd Mat Sub Combat Hostiles Destroyed 23 | . 13 10 Guns 15 | . 12 3 Cannons 2 | . . 2 AOE 5 | . . 5 Classes Destroyed 6 | . 5 1 Worker 1 | . 1 . Hauler 1 | . 1 . Watcher 1 | . 1 . Swarmer 3 | . 3 . Grunt 12 | . 10 2 Subdweller 8 | . . 8 Best Kill Streak 3 | . 3 3 Combat Bots Only 3 | . 3 3 Max Kills in Single Turn 2 | . 2 2 Gunslinging 1 | . 1 . Exploded 2 | . . 2 Melee . | . . . Uniques/NPCs Destroyed . | . . . Combat | -11 -10 -10 -------- Run | Yrd Mat Sub Hostile Shots Fired 177 | . 57 120 Missed 56 | . 11 45 Damage Taken 1078 | . 429 649 Core 253 | . 102 151 Absorbed by Shields . | . . . Ignored by Resistances 335 | . 133 202 Core Remaining (%) 100 | 100 . . Volleys Fired 87 | . 45 42 Largest 2 | . 2 2 Hottest 100 | . 70 100 Shots Fired 163 | . 90 73 Gun 131 | . 90 41 Cannon 10 | . . 10 Launcher 22 | . . 22 Special . | . . . Kinetic 95 | . 45 50 Thermal 56 | . 45 11 Explosive 12 | . . 12 Electromagnetic . | . . . Robot Hit Streak 33 | . 14 33 Robot Miss Streak 2 | . 2 1 Penetration Max . | . . . Secondary Targets 4 | . 3 1 Max Gunslinging Chain 1 | . 1 1 Shots Hit Robots 126 | . 70 56 Core Hits 61 | . 31 30 Critical Kills . | . . . Critical Parts Destroyed 1 | . . 1 Critical Strikes 3 | . 2 1 Burn 2 | . 2 . Destroy 1 | . . 1 Melee Attacks 48 | . 13 35 Impact . | . . . Slashing 48 | . 13 35 Piercing . | . . . Sneak Attacks . | . . . Combat Hostiles . | . . . Follow-up Attacks . | . . . Damage Inflicted 2312 | . 727 1585 Guns 1196 | . 727 469 Cannons 140 | . . 140 Explosions 976 | . . 976 Melee . | . . . Ramming . | . . . Kinetic 1485 | . 254 1231 Thermal 613 | . 473 140 Explosive 214 | . . 214 Electromagnetic . | . . . Impact . | . . . Slashing . | . . . Piercing . | . . . Highest Corruption . | . . . Average Corruption . | . . . Corruption Purged . | . . . Corruption Blocked . | . . . Overload Shots . | . . . Overflow Damage 24 | . . 24 Projectiles . | . . . Explosions 24 | . . 24 Melee . | . . . Knockbacks . | . . . Impact . | . . . Kinetic . | . . . Secondary . | . . . Self-Inflicted Damage 62 | . . 62 Shots 4 | . . 4 Rammed . | . . . Targets Rammed . | . . . Kicked . | . . . Crushed . | . . . Highest Temperature 162 | . 162 5 Average Temperature 34 | . 34 5 Received Heat Transfer 636 | . 315 321 Siege Activations . | . . . Robots Corrupted . | . . . Combat Hostiles . | . . . Parts Fried . | . . . Impact Corruptions . | . . . Robots Melted 1 | . 1 . Combat Hostiles 1 | . 1 . Parts Melted 4 | . 3 1 Heat Transferred 1850 | . 1554 296 Parts Sabotaged . | . . . Parts Stolen . | . . . Parts Stripped . | . . . Power Chain Reactions . | . . . Alert | -11 -10 -10 ------- Run | Yrd Mat Sub Peak Influence 238 | . 238 . Initial . | . . . Average 80 | . 90 . Maximum Alert Level 1 | . 1 . Low Security (%) 98 | 100 98 . Level 1 1 | . 1 . Level 2 . | . . . Level 3 . | . . . Level 4 . | . . . Level 5 . | . . . High Security . | . . . Max Security . | . . . Squads Dispatched 1 | . 1 . Investigation 1 | . 1 . Extermination . | . . . Reinforcement . | . . . Assault . | . . . Garrison . | . . . Intercept . | . . . Searches Triggered . | . . . Construction Impeded . | . . . Haulers Reinforced . | . . . Active Scanning Responses . | . . . Cargo Convoy Interrupts . | . . . Stealth | -11 -10 -10 --------- Run | Yrd Mat Sub Distress Signals 2 | . 2 . Communications Jammed . | . . . Distress Signals . | . . . Times Spotted 70 | . 21 49 Peak Tracking Total 5 | . 5 4 Tactical Retreats 3 | . . 3 Traps | -11 -10 -10 ------- Run | Yrd Mat Sub Traps Triggered . | . . . Indirectly . | . . . Trap Hack Attempts . | . . . Triggered . | . . . Disarmed . | . . . Reprogrammed . | . . . Reused . | . . . Traps Extracted . | . . . Installed . | . . . Triggered . | . . . Machines | -11 -10 -10 ---------- Run | Yrd Mat Sub Machines Disabled 5 | . . 5 Max in Single Turn 2 | . . 2 Machines Repaired . | . . . Machines Dismantled . | . . . Machines Sabotaged . | . . . Overloaded Fab Kills . | . . . Hacking | -11 -10 -10 --------- Run | Yrd Mat Sub Machines Accessed 7 | . 6 1 Terminals 6 | . 6 . Fabricators . | . . . Repair Stations . | . . . Recycling Units . | . . . Scanalyzers . | . . . Garrison Access . | . . . Total Hacks 20 | . 19 1 Successful 15 | . 14 1 Failed 5 | . 5 . Catastrophic . | . . . Database Lockouts . | . . . Manual 1 | . . 1 Terminals 19 | . 19 . Fabricators . | . . . Repair Stations . | . . . Recycling Units . | . . . Scanalyzers . | . . . Garrison Access . | . . . Terminal Hacks 15 | . 14 1 Record 2 | . 1 1 Prototype ID Bank 3 | . 3 . Level Access Points 1 | . 1 . Branch Access Points 1 | . 1 . Emergency Access Points 2 | . 2 . Alert Level 1 | . 1 . Locate Traps 1 | . 1 . Maintenance Status 1 | . 1 . Recall Investigation 1 | . 1 . Registered Components 1 | . 1 . Zone Layout 1 | . 1 . Fabricator Hacks . | . . . Repair Station Hacks . | . . . Recycling Unit Hacks . | . . . Scanalyzer . | . . . Garrison Access Hacks . | . . . Unauthorized Hacks . | . . . Terminals . | . . . Fabricators . | . . . Repair Stations . | . . . Recycling Units . | . . . Scanalyzers . | . . . Garrison Access . | . . . Data Cores Recovered . | . . . Used . | . . . Hacking Detections 5 | . 5 . Full Trace Events 2 | . 2 . Feedback Events . | . . . Feedback Blocked . | . . . Robot Schematics Acquired . | . . . Robots Built . | . . . Authchips . | . . . Time . | . . . Total Robot Build Rating . | . . . Part Schematics Acquired . | . . . Parts Built . | . . . Authchips . | . . . Time . | . . . Total Part Build Rating . | . . . Parts Repaired . | . . . Time . | . . . Parts Recycled . | . . . Recycled Matter . | . . . Retrieved Matter . | . . . Retrieved Components . | . . . Parts Scanalyzed . | . . . Part Schematics Acquired . | . . . Parts Damaged . | . . . Bothacking | -11 -10 -10 ------------ Run | Yrd Mat Sub Used RIF Installer . | . . . Robots Hacked . | . . . Non-combat . | . . . Combat . | . . . Robot Hacks Applied . | . . . Relay Couplers Released . | . . . Fabnet Peak Effective % . | . . . Robots Rewired . | . . . Allies Hacked . | . . . Hacks Repelled . | . . . Allies | -11 -10 -10 -------- Run | Yrd Mat Sub Total Allies . | . . . Largest Group . | . . . Highest-Rated Group . | . . . Highest-Rated Ally . | . . . Total Orders . | . . . Ally Attacks . | . . . Total Damage . | . . . Kills . | . . . Allies Corrupted . | . . . Allies Melted . | . . . Intel | -11 -10 -10 ------- Run | Yrd Mat Sub Robot Analysis Total . | . . . Derelict Logs Recovered . | . . . Drone Launches . | . . . Drone Recoveries . | . . . Exploration | -11 -10 -10 ------------- Run | Yrd Mat Sub Turns Passed 3086 | 116 975 1995 Spaces Moved 1490 | 77 470 943 Core 17 | 17 . . Treads 1473 | 60 470 943 Legs . | . . . Wheels . | . . . Hover . | . . . Flight . | . . . Fastest Speed 50 | 50 160 160 Average Speed 169 | 135 160 177 Slowest Speed 240 | 160 160 240 Overloaded Moves . | . . . Propulsion Burnouts . | . . . Robots Hopped . | . . . Cave-ins Triggered . | . . . Exploration Rate (%) 39 | 5 73 40 Regions Visited 2 Branch Regions 1 Pre-discovered Areas . | . . . Known Exits Taken . | . . . Unknown Exits Taken 2 | 1 1 . Scrap Searched 1 | . . 1 Spaces Dug 20 | . 7 13 Terrain Destroyed 157 | . 7 150 Melee 7 | . 7 . Projectile . | . . . AOE 150 | . . 150 Terrain Rammed . | . . . Walls Destroyed . | . . . Machines Disabled . | . . . Actions | -11 -10 -10 --------- Run | Yrd Mat Sub Total 1797 | 89 586 1122 Wait 119 | . 38 81 Move 1488 | 76 469 943 Hop . | . . . Pick Up 24 | 8 13 3 Fast Attach . | . . . Attach 11 | 5 4 2 Detach . | . . . Swap 18 | . 2 16 Drop 2 | . 2 . Fire 87 | . 45 42 Melee 48 | . 13 35 Ram . | . . . Kick . | . . . Crush . | . . . Escape Stasis . | . . . Rewire . | . . . Trap . | . . . Miscellaneous . | . . . Route ------- -11/Scrapyard -10/Materials (discovered 6 exits: *Mat x3 / *Min x2 / *Sub) -10/Subcaves (discovered 1 exit: [*Rec]) History --------- Turn | Location | Event 10 | -11/Scrapyard | Discovered new exit (range 16) 117 | -11/Scrapyard | Entered Materials 309 | -10/Materials | Build established: Mutant 348 | -10/Materials | Discovered new exit (range 11) 467 | -10/Materials | Discovered new exit (range 12) 482 | -10/Materials | Identified exit to Materials 482 | -10/Materials | Identified exit to Mines 1087 | -10/Materials | Discovered new exit (range 2) 1092 | -10/Materials | Entered Subcaves 1702 | -10/Subcaves | A swath of the cavern ceiling suddenly collapsed 1729 | -10/Subcaves | Core integrity fell below 50% 2213 | -10/Subcaves | Visited Clippyterm 2367 | -10/Subcaves | Shifting Twisted Machinery released Sub. Beam Cannon 2878 | -10/Subcaves | A swath of the cavern ceiling suddenly collapsed 3069 | -10/Subcaves | Discovered new exit (range 11) 3072 | -10/Subcaves | Core integrity fell below 20% 3087 | -10/Subcaves | Destroyed by Autobeam Turret with Autobeam Last Messages --------------- effect. 02878_ VD-4ZT(O) cries out in pain. 02878_ VD-4ZT(O) destroyed. A swath of the cavern ceiling suddenly collapses. 03054_ Subatomizers dissect the Sub. Power Source. 03069_ EXIT=FOUND 03071_ Acquired 54 matter. 03071_ S-10 Pest destroyed. 03074_ Machine disabled. 03075_ S-10 Pest destroyed. 03080_ Flight Unit fries itself beyond repair. 03081_ Subatomizers dissect the Sub. Power Source. 03083_ Lgt. Treads destroyed. 03084_ Flight Unit fries itself beyond repair. 03084_ Acquired 14 matter. 03086_ Flight Unit fries itself beyond repair. 03087_ Lgt. Ion Engine destroyed. Map ----- +----------------------------------------------------+ | ???? ^ #???????????????????????????????????? | | ???? #???????????????????????????????????? | | ???? ????????????????????????????????????? | | ????# # ?????????????????????????????????????? | | ??### ??????????????????????????????????????? | | ?## # #??????????????????????????????????????? | | ?# #??????????????????????????????????????? | | ?# #??????????????????????????????????????? | | ## #####??????????????###?????????????????? | | ## #??????????#???#"#?????????????????? | | # #?#######?#######"#?????????????????? | | ## ### # # ###""#"" #?????????????????? | | ## #"""""####?????????????????? | | # # #"" #"###??????????????????? | | ### ####### "#""######??????????????? | | #### #???# ""#""#"#??????????????? | | ### ##??## ##"##" "###?????????????? | | ### ## #???#### "#"##""#?????????????? | | ##?# ### ##??????## "######?????????????? | | ##??# ##### #????????## "##????????????????? | | ##??## ##???# #????????## "#????????????????? | | #???# ##????# #######?????#""# ???????????????? | | ##??## ##?????### ????## ## ???????????????? | | #???####???????# ####""### ??????????????? | | #???????????????# # &# ;;#???????????????? | | ##??????????????# t @ =%#####???????????????? | | ###????????????#< ** #&#??????????????????? | | ##########???# t s# #??????????????????? | | #???# ####?#??????????????????? | | # ##??##" ????????????????????????? | | #### ##??#""" "????????????????????????? | | #### # #??#######????????????????????????? | | ##??## #???????????????????????????? | | #??## #????????????????????????????? | | # #?## ##????????????????????????????? | | ## #### ##?????????????????????????????? | | ### "##% # # ##??????????????????????????????? | | ??# # "& # ##??????????????????????????????? | | ??# # !&* ! #??????????????????????????????? | | ### && ! # ##??????????????????????????????? | | & ""& ####???????????????????????????????? | | # " #??????????????????????????????????? | | ###### #??????????????????????????????????? | | ##????###??????????????????????????????????? | | #######????????????????????????????????????? | | #### # ##???????????????????????????????????? | | ### #???????????????????????????????????? | | ### ##???????????????????????????????????? | | # # ## #????????????????????????????????????? | | #####????????????????????????????????????? | +----------------------------------------------------+ Best States ------------- Heat Dissipation 35 Energy Generation 10 Energy Capacity 125 Matter Stores 300 Matter Capacity 300 Sight Range 16 Terrain Scan Density 10 Resistance: KI 20 Resistance: TH 20 Resistance: EX 20 Resistance: EM 20 Resistance: I 20 Resistance: S 20 Resistance: P 20 Evasion (%) 50 Recoil Reduction 2 Offensive Hacking 10 Item Schematics ----------------- None Robot Schematics ------------------ None Fabricated ------------ Nothing Alien Tech Used ----------------- None Achievements -------------- It's Just You Let's See Who's Tougher Oops Challenges ------------ None Game ------ Seed AngularExperimentalBooster Manual? 0 Play Time 00:25:49 Cumulative 2.8 hours Start 2024.07.01 @ 12:33:07 End 2024.07.01 @ 13:00:49 Sessions 1 Manual Loads 0 Difficulty Adventurer Special Mode None Game No. 7 Rogue 4 Adventurer 3 Explorer 0 Win Type - Total 0 Types 0/0/0/0/0/0/0/0/0 Lore% 2 Gallery% 7 Achievement% 7 Wizard Run 0 Options --------- Layout 1 ASCII 0 Keyboard 0 Movement Mouse Keybinds 0 Fullscreen 1 Font 32/SmallcapsGlow Map View 50x35 Zoom Use 0% Tactical HUD 1 Map Filters NONE Filters NONE Steam 1 RUN: 6317a34b-96ef-4979-ad82-e08316349205